 Dungeon Crawl Stone Soup version 0.16-a0-2034-ge585701 (webtiles) character file.

228 Fiveotanaka the Basher (level 6, -1/63 HPs)
             Began as an Ogre Berserker on Nov 10, 2014.
             Was a Priest of Trog.
             Slain by a jackal (3 damage)
             ... on level 3 of the Dungeon.
             The game lasted 00:07:23 (2244 turns).

Fiveotanaka the Basher (Ogre Berserker)             Turns: 2244, Time: 00:07:23

Health: -1/63      AC:  5    Str: 23    XL:     6   Next: 2%
Magic:  6/6        EV: 10    Int:  6    God:    Trog [***...]
Gold:   91         SH:  2    Dex: 11    Spells: 0 memorised, 5 levels left

rFire  x . .     SeeInvis .     a - +0 mace
rCold  + . .     Clarity  .     j - +0 robe
rNeg   . . .     SustAb   .     (shield restricted)
rPois  .         Gourm    .     (helmet restricted)
rElec  .         Spirit   .     (no cloak)
rCorr  .         Warding  .     (gloves unavailable)
rMut   .         Stasis   .     (boots unavailable)
MR     .....                    (no amulet)
Stlth  +.........               (no ring)
                                l - ring of ice

@: exhausted, very slightly contaminated, slowed, invisible, very slow, not
resistant to hostile enchantments, very unstealthy
A: unfitting armour, horns 1, large bone plates 1, tough skin 1
a: Burn Spellbooks, Berserk, Trog's Hand, Renounce Religion


You were on level 3 of the Dungeon.
You worshipped Trog.
Trog was most pleased with you.
You were near starving.

You visited 1 branch of the dungeon, and saw 3 of its levels.

You collected 91 gold pieces.

Inventory:

Hand weapons
 a - a +0 mace (weapon)
Armour
 j - a +0 robe (worn)
Jewellery
 l - a ring of ice (left hand)
Scrolls
 d - 3 scrolls of remove curse
 m - a scroll of fear {unknown}
 o - a scroll of identify {unknown}
Potions
 i - 2 potions of porridge
 n - a potion of heal wounds {unknown}
Comestibles
 b - 2 beef jerkies
 c - 2 meat rations
 g - 2 slices of pizza
 h - 3 bread rations


   Skills:
 - Level 4.7 Fighting
 + Level 8.0 Maces & Flails
 - Level 1.7 Armour
 - Level 2.0 Dodging


You had 5 spell levels left.
You didn't know any spells.

Dungeon Overview and Level Annotations

Branches:
Dungeon (3/15)

Altars:
Kikubaaqudgha


Innate Abilities, Weirdness & Mutations

You are too large for most types of armour.
You have tough skin (AC +1).
You have a pair of small horns on your head.
You are partially covered in large bone plates (AC +2, SH +2).


Message History

You have reached level 6!
Your experience leads to an increase in your attributes!
Increase (S)trength, (I)ntelligence, or (D)exterity?
You feel agile.
You feel stronger. The jackal barely misses you. x2
You catch the helpless jackal completely off-guard!
You sock the jackal!
You kill the jackal!
Trog accepts your kill. The jackal bites you.
* * * LOW HITPOINT WARNING * * *
The jackal misses you.
Items here: ))) [ †††††† Drink which item? (? for menu, Esc to quit)
You feel extremely strange.
Large bone plates grow over parts of your arms.
A pair of horns grows on your head!
It was a potion of mutation.
The jackal closely misses you. The jackal bites you.
You die...

. . ##. >... #.. .w.. #..
... .# ..###g###.## .
.!.......... . ##...##
#.#..........
#..#....#...####.#.........
.#..........#hhh@.....##..#
..............####.##.#..#
....#.#.....# #.##...#
#.....#.....# #.##..##
##..#.......# #.##..#
.##.#.......## ..##.o#
.)##.........# .###o.#
..)#)......>.## .#....#
#.8')#........# #...##.#


You could see 3 jackals.

Vanquished Creatures
  An ice beast (D:3)
  An orc priest (D:3)
  An adder (D:3)
  3 worms
  2 giant geckos
  2 oozes (D:1)
  6 orcs (D:3)
  3 ball pythons
  9 bats
  A giant cockroach (D:1)
  8 hobgoblins
  5 jackals
  5 kobolds
  A quokka (D:2)
  5 giant newts
  10 goblins
  8 rats
71 creatures vanquished.

Notes
Turn   | Place    | Note
--------------------------------------------------------------
     0 | D:1      | Fiveotanaka, the Ogre Berserker, began the quest for the Orb.
     0 | D:1      | Reached XP level 1. HP: 24/24 MP: 1/1
   249 | D:1      | Reached XP level 2. HP: 17/33 MP: 2/2
   547 | D:1      | Acquired Trog's second power
   645 | D:1      | Reached XP level 3. HP: 38/40 MP: 3/3
   905 | D:2      | Reached skill level 5 in Maces & Flails
  1344 | D:2      | Reached XP level 4. HP: 39/49 MP: 4/4
  1868 | D:3      | Reached skill level 6 in Maces & Flails
  1937 | D:3      | HP: 2/49 [orc/runed hand axe (5)]
  2075 | D:3      | Reached XP level 5. HP: 20/55 MP: 5/5
  2165 | D:3      | Found an ancient bone altar of Kikubaaqudgha.
  2176 | D:3      | Noticed an ice beast
  2229 | D:3      | Killed an ice beast
  2229 | D:3      | Reached skill level 7 in Maces & Flails
  2241 | D:3      | Reached skill level 8 in Maces & Flails
  2241 | D:3      | Reached XP level 6. HP: 4/63 MP: 6/6
  2242 | D:3      | HP: 2/63 [jackal (3)]
  2244 | D:3      | Gained mutation: You are partially covered in large bone plates (AC +2, SH +2). [potion of mutation]
  2244 | D:3      | Gained mutation: You have a pair of small horns on your head. [potion of mutation]
  2244 | D:3      | Slain by a jackal

Action                   |  1- 3 |  4- 6 || total
-------------------------+-------+-------++-------
Melee: Mace              |   122 |   112 ||   234
Invok: Berserk           |       |     1 ||     1
       Trog's Hand       |       |     1 ||     1
  Use: Scroll            |     1 |       ||     1
       Potion            |       |     3 ||     3
 Stab: Invisible         |       |     2 ||     2
  Eat: Chunk             |     1 |     3 ||     4
